 Dungeon Crawl Stone Soup version 0.24.0 (webtiles) character file.

Game seed: 5546853879992712884, levelgen mode: deterministic

391 Mrkan the Ruffian (level 6, -12/55 HPs)
             Began as a Troll Hunter on Oct 25, 2019.
             Mangled by an orc warrior
             ... wielding a +3 trident
              (24 damage)
             ... on level 3 of the Dungeon.
             The game lasted 00:05:23 (2211 turns).

Mrkan the Ruffian (Troll Hunter)                    Turns: 2211, Time: 00:05:23

Health: -12/55     AC:  6    Str: 23    XL:     6   Next: 50%
Magic:  5/5        EV: 10    Int:  7    God:
Gold:   144        SH:  0    Dex: 10    Spells: 5/5 levels left

rFire    . . .     SeeInvis .     - Unarmed
rCold    . . .     Gourm    +   (no shield)
rNeg     . . .     Faith    .   b - +0 robe
rPois    .         Spirit   .   (helmet restricted)
rElec    .         Reflect  .   (no cloak)
rCorr    .         Harm     .   (gloves unavailable)
MR       .....                  (boots unavailable)
Stlth    +.........             (no amulet)
HPRegen  0.58/turn              (no ring)
MPRegen  0.09/turn              (no ring)

@: no status effects
A: large, unfitting armour, claws 3, fast metabolism 3, gourmand, regeneration
1, shaggy fur 1, tough skin 3
a: no special abilities


You were on level 3 of the Dungeon.
You were completely stuffed.

You visited 1 branch of the dungeon, and saw 3 of its levels.

You collected 144 gold pieces.

Inventory:

Missiles
 c - 5 large rocks (quivered)
 d - 2 throwing nets
 e - 108 stones
Armour
 b - a +0 robe (worn)
Jewellery
 h - an uncursed amulet of harm {unknown}
 q - a cursed ring of attention {unknown}
Scrolls
 a - 2 scrolls of immolation {unknown}
 i - 5 scrolls of identify {unknown}
 j - 3 scrolls of remove curse {unknown}
 m - a scroll of random uselessness {unknown}
 r - a scroll of teleportation {unknown}
 t - a scroll of enchant weapon {unknown}
Potions
 g - 3 potions of agility {unknown}
 k - 2 potions of ambrosia {unknown}
 l - 2 potions of degeneration {unknown}
 n - a potion of magic {unknown}
 o - a potion of curing {unknown}
 s - 3 potions of brilliance {unknown}
Comestibles
 f - 10 rations
 p - 6 chunks of flesh


   Skills:
 - Level 1.5 Fighting
 - Level 3.6 Throwing
 - Level 1.5 Dodging
 - Level 0.3 Stealth
 * Level 6.6 Unarmed Combat


You had 5 spell levels left.
You didn't know any spells.
Your spell library was empty.

Dungeon Overview and Level Annotations

Branches:
Dungeon (3/15)

Altars:
Hepliaklqana
Qazlal


Innate Abilities, Weirdness & Mutations

You are too large for most types of armour.
You have claws for hands.
Your metabolism is lightning-fast.
You like to eat raw meat.
Your natural rate of healing is unusually fast.
You are covered in fur. (AC +1)
You have extremely tough skin. (AC +3)


Message History

The orc priest barely misses you.
You closely miss the orc priest. The orc priest closely misses you.
You barely miss the orc priest. The orc priest misses you.
You scratch the orc priest.
The orc priest is moderately wounded.
The orc warrior misses you. The orc priest misses you.
You closely miss the orc priest.
The orc priest is moderately wounded.
The orc warrior hits you from afar with a +3 trident!!
You claw the orc priest!
You kill the orc priest!
The orc warrior closely misses you.
You see here a +0 leather armour.
The orc warrior hits you with a +3 trident!!
* * * LOW HITPOINT WARNING * * *
The orc warrior hits you with a +3 trident.
* * * LOW HITPOINT WARNING * * *
You see here a +0 leather armour.
The orc warrior hits you from afar with a +3 trident!!
You die...

#.#.###.<#####.# #
##.####..#####.. #.
#.##.##.....รทรท.# #.
#.#.#.#..##.##.# #..
#..##.#..##.....
#..######.###........
#.o..##_## #.##.##..
###[##### #........
##@## ####.###.
##.).## ..# #.
#.....# #.. . #.
#.....# #..... #.
#.....# #..... ##
##...## #..... #
##.## ##..... #
#)####......
#)#...#..#######


You could see an orc warrior.

Vanquished Creatures
  Grinder (D:3)
  An orc priest (D:3)
  Terence (D:2)
  6 adders
  3 worms
  5 leopard geckos
  5 orcs (D:3)
  6 giant cockroaches
  9 goblins
  3 hobgoblins
  7 jackals (D:1)
  7 kobolds
  A quokka (D:2)
  2 ball pythons
  10 bats
  2 frilled lizards (D:1)
  9 rats
78 creatures vanquished.

Notes
Turn   | Place    | Note
-------+----------+-------------------------------------------
     0 | D:1      | Mrkan the Troll Hunter began the quest for the Orb.
     0 | D:1      | Reached XP level 1. HP: 19/19 MP: 0/0
    44 | D:1      | Reached skill level 1 in Unarmed Combat
   114 | D:1      | Reached XP level 2. HP: 24/27 MP: 1/1
   166 | D:1      | Reached skill level 2 in Unarmed Combat
   517 | D:1      | Reached XP level 3. HP: 32/33 MP: 2/2
   962 | D:2      | Found a stormy altar of Qazlal.
  1023 | D:2      | Noticed Terence
  1037 | D:2      | Killed Terence
  1037 | D:2      | Reached skill level 3 in Unarmed Combat
  1098 | D:2      | Reached XP level 4. HP: 41/41 MP: 3/3
  1158 | D:2      | Reached skill level 4 in Unarmed Combat
  1730 | D:3      | Found a hazy altar of Hepliaklqana.
  1852 | D:3      | Noticed Grinder
  1864 | D:3      | Reached XP level 5. HP: 46/48 MP: 4/4
  1877 | D:3      | Killed Grinder
  1877 | D:3      | Reached skill level 6 in Unarmed Combat
  1877 | D:3      | Reached XP level 6. HP: 39/55 MP: 5/5
  2202 | D:3      | Noticed an orc warrior
  2211 | D:3      | Mangled by an orc warrior

Levels and vault maps discovered:
D:1:      tarquinn_simple_flora_water_c, layout_basic,
          chequers_serial_rivers_micro_a
D:2:      layout_basic, nicolae_qazlal_general_emergency, uniq_terence
D:3:      layout_loops_cross, marbit_many_paths, first_ration,
          serial_bayou_crossing, uniq_crazy_yiuf_cottage, uniq_grinder,
          uniq_sigmund
